 Dungeon Crawl Stone Soup version 0.27.1 (webtiles) character file.

Game seed: 1966176862542764555

8 nxtlvl the Charlatan (level 2, 0/16 HPs)
             Began as a Deep Elf Artificer on Aug 31, 2021.
             Slain by a quokka (3 damage)
             ... on level 2 of the Dungeon.
             The game lasted 00:02:39 (217 turns).

nxtlvl the Charlatan (Deep Elf Artificer)            Turns: 217, Time: 00:02:39

Health: 0/16       AC:  3    Str:  9    XL:     2   Next: 0%
Magic:  4/4        EV: 12    Int: 15    God:
Gold:   0          SH:  0    Dex: 15    Spells: 1/1 levels left

rFire    . . .     SeeInvis .   a - +0 club
rCold    . . .     Faith    .   (no shield)
rNeg     . . .     Spirit   .   b - +0 leather armour
rPois    .         Reflect  .   (no helmet)
rElec    .         Harm     .   (no cloak)
rCorr    .         Rampage  .   (no gloves)
Will     .....                  (no boots)
Stlth    ++........             (no amulet)
HPRegen  0.05/turn              (no ring)
MPRegen  0.09/turn              (no ring)

@: no status effects
A: no striking features
a: no special abilities


You were on level 2 of the Dungeon.
You visited 1 branch of the dungeon, and saw 2 of its levels.

Inventory:

Hand Weapons
 a - a +0 club (weapon)
 i - a +0 dagger
Missiles
 g - 25 arrows
Armour
 b - a +0 leather armour (worn)
Wands
 c - a wand of flame (15) (quivered)
 d - a wand of charming (15)
Potions
 f - a potion of heal wounds {unknown}
 h - a potion of might {unknown}
Miscellaneous
 e - a piece from Xom's chessboard (14/15)


   Skills:
 - Level 0.7 Fighting
 - Level 0.7 Armour
 - Level 2.4 Dodging
 - Level 1.2 Stealth
 + Level 3.9 Evocations


You had one spell level left.
You didn't know any spells.
Your spell library was empty.

Dungeon Overview and Level Annotations

Branches:
Dungeon (2/15)

Altars:
Zin


Message History

The hobgoblin closely misses you. The hobgoblin misses you.
You barely miss the hobgoblin.
The hobgoblin is moderately wounded.
The hobgoblin hits you.
You hit the hobgoblin but do no damage.
The hobgoblin is moderately wounded.
The hobgoblin hits you.
* * * LOW HITPOINT WARNING * * *
You hit the hobgoblin but do no damage.
The hobgoblin is moderately wounded.
The hobgoblin hits you but does no damage.
You hit the hobgoblin but do no damage.
The hobgoblin is moderately wounded.
The hobgoblin hits you.
* * * LOW HITPOINT WARNING * * *
The hobgoblin closely misses you.
You hit the hobgoblin but do no damage.
The hobgoblin is moderately wounded.
The hobgoblin misses you.
You closely miss the hobgoblin.
The hobgoblin is moderately wounded.
The hobgoblin hits you.
* * * LOW HITPOINT WARNING * * *
You see here a frilled lizard corpse.
The hobgoblin hits you but does no damage.
You aren't carrying any scrolls.
Unknown command.
Found a bubbling clear potion.
Found a stone staircase leading down.
A quokka comes into view.
The quokka barely misses you.
There is a stone staircase leading down here.
The quokka bites you but does no damage.
You climb downwards.
Found a stone staircase leading down.
There is a stone staircase leading up here.
You make a move on Xom's chessboard...
The frilled lizard hisses angrily.
The frilled lizard twists and deforms.
The quokka closely misses you. The quokka bites you.
You die...

##### ##
.... #.
...
####.###..
.........
#....l#
####.<#
#...@r#
.....##..#
#### #..#
##.# #>.
.... ####


You could see a quokka and a frilled lizard (misshapen).

Vanquished Creatures
  A ball python (D:1)
  A hobgoblin (D:1)
  A jackal (D:1)
  A bat (D:1)
  3 frilled lizards (D:1)
  A goblin (D:1)
  A rat (D:1)
9 creatures vanquished.

Notes
Turn   | Place    | Note
-------+----------+-------------------------------------------
     0 | D:1      | nxtlvl the Deep Elf Artificer began the quest for the Orb.
     0 | D:1      | Reached XP level 1. HP: 11/11 MP: 3/3
     1 | D:1      | Found a glowing silver altar of Zin.
   163 | D:1      | Found a faded altar of an unknown god.
   189 | D:1      | Reached XP level 2. HP: 7/16 MP: 4/4
   217 | D:2      | Slain by a quokka

Illustrated notes

Levels and vault maps discovered:
D:1:      sevenhm_arrival_forest_fort_small_6, layout_loops_ring,
          hellmonk_ecumenical_altar_blasted, serial_bayou_pond_b
D:2:      layout_basic, serial_bayou_lake_a, uniq_jessica, uniq_robin

Action                   || total
-------------------------++-------
Melee: Club              ||    40
Evoke: Piece from Xom's  ||     1
 Stab: Sleeping          ||     1
Armor: Leather armour    ||    17
Dodge: Dodged            ||    25
